[Event "Early-Titled-Tuesday-Blitz-September-05-2023"]
[Site "Chess.com"]
[Date "2023.09.05"]
[Round "3"]
[White "Kurai"]
[Black "Tugrik1969"]
[Result "1-0"]
[WhiteElo "2696"]
[BlackElo "2479"]
[TimeControl "180+1"]
[EndTime "8:26:18 PDT"]
[Termination "Kurai won on time"]

1. d4 Nf6 2. c4 e6 3. Nf3 c5 4.
d5 exd5 5. cxd5 d6 6. Nc3 g6 7. Nd2 Bg7 8. e4 O-O 9. Be2 b6 10. a4 Na6 11. O-O Nc7 12. Nc4 Ba6 13. Bg5 Re8 14.
f4 Bxc4 15. Bxc4 Qd7 16. e5 Nh5 17. g4 h6 18. gxh5 hxg5 19. hxg6 gxf4 20. gxf7+ Qxf7 21. exd6 Qg6+ 22. Kh1 Qxd6 23. Rg1 Kh8 24. Qg4 Rg8 25. Ne4 Qh6 26. d6 Ne8 27. Ra3 1-0

[Event "Early-Titled-Tuesday-Blitz-September-05-2023"]
[Site "Chess.com"]
[Date "2023.09.05"]
[Round "3"]
[White "InadaC"]
[Black "smilingice"]
[Result "0-1"]
[WhiteElo "1653"]
[BlackElo "2411"]
[TimeControl "180+1"]
[EndTime "8:26:22 PDT"]
[Termination "smilingice won by resignation"]

1. d4 Nf6 2. c4 e6 3. Nc3 d5 4. cxd5 exd5 5. Bg5 Be7 6. e3 O-O 7. Bd3 b6 8. Nge2 Bb7 9. Bh4 Nbd7 10. f3 c5 11. Bf2 Re8 12. O-O Bf8 13. Qc2 g6 14. Rad1 Rc8 15. Qb1 Bh6 16. e4 dxe4 17. Nxe4 c4 18.
Bc2 Nd5 19. Nd6 Rxe2 20. Nxb7 Qe7 21. Be4 N7f6 22. Rfe1 Rxe1+ 23. Rxe1 Qxb7 24. Bh4 Nxe4 25. fxe4 Nb4 26. d5 Nd3 27. Rf1 Qc7 28. Bg3 Qc5+ 29.
Kh1 Re8 30. b3 Rxe4 31. bxc4 Qxc4 32. d6 Nc5 33. h3 Qd5 34. Rd1 Rd4 35. Re1 Nd7 36.
a4 Rd2 37. Qe4 Qxe4 38. Rxe4 Bf8 39. Re8 Kg7 40. Ra8 Bxd6 41. Bxd6 Rxd6 42. Rxa7 Nc5 43. a5 b5 44. Rc7 Na6 45. Kh2 b4 46. Rc2 Kf6 47.
Kg3 Ke5 48. Kf3 Kd4 49. Rc8 b3 50. Kf4 b2 0-1

[Event "Early-Titled-Tuesday-Blitz-September-05-2023"]
[Site "Chess.com"]
[Date "2023.09.05"]
[Round "3"]
[White "Larina_Maria"]
[Black "tk22h"]
[Result "1-0"]
[WhiteElo "2210"]
[BlackElo "2407"]
[TimeControl "180+1"]
[EndTime "8:26:23 PDT"]
[Termination "Larina_Maria won by resignation"]

1. e4 e5 2. Nf3 Nc6 3. Nc3 Nf6 4. Bb5 Nd4 5. Nxd4 exd4 6. e5 dxc3 7. exf6 Qxf6 8.
dxc3 Qe5+ 9. Qe2 Qxe2+ 10. Bxe2 d5 11. c4 Be6 12. cxd5 Bxd5 13. O-O Bd6 14. Re1 O-O 15. Bd3 Rfe8 16. Bd2 Be5 17. c3 Rad8 18. Bf1 Bf6 19. Bf4 c6 20. a3 g6 21. h3 h5 22. Be3 b6 23. a4 c5 24. a5 Ra8 25. axb6 axb6 26. Bb5 Red8 27. Bf4 Be6 28. Bc6 Rxa1 29. Rxa1 Rc8 30. Bb5 Bd8 31. Ra7 Bf6 32. Rb7 g5 33.
Bc7 Bd5 34. Ra7 Bd8 35. Be5 Ra8 36. Rd7 Be6 37. Rd1 Kf8 38. Bc6 Rc8 39. Bb7 Bc7 40. Bxc8 Bxe5 41. Bxe6 fxe6 42. Re1 1-0

[Event "Early-Titled-Tuesday-Blitz-September-05-2023"]
[Site "Chess.com"]
[Date "2023.09.05"]
[Round "3"]
[White "Jakuboss22005"]
[Black "WiktoriaPOL"]
[Result "1-0"]
[WhiteElo "2501"]
[BlackElo "2276"]
[TimeControl "180+1"]
[EndTime "8:26:26 PDT"]
[Termination "Jakuboss22005 won on time"]

1. h4 e5 2. c4 Nf6 3. Nc3 d5 4. cxd5 Nxd5 5. Nf3 f6 6. d4 Nxc3 7. bxc3 e4 8. Nd2 e3 9. fxe3 Qd6 10. Ne4 Qc6 11. Qd3 Bf5 12. d5 Qa4 13. Nxf6+ gxf6 14. Qxf5 Nd7 15. Qh5+ Kd8 16. Bd2 Ne5 17. Qf5 Be7 18.
g3 Nc4 19. Bh3 Nd6 20. Qd3 Qa3 21. O-O Rg8 22. Kh2 Qa4 23. Qd4 Nc4 24. Rxf6 1-0

[Event "Early-Titled-Tuesday-Blitz-September-05-2023"]
[Site "Chess.com"]
[Date "2023.09.05"]
[Round "3"]
[White "rikchessmx"]
[Black "PattyCastillo"]
[Result "1-0"]
[WhiteElo "2395"]
[BlackElo "1996"]
[TimeControl "180+1"]
[EndTime "8:26:26 PDT"]
[Termination "rikchessmx won by checkmate"]

1. e4 c5 2. Nf3 d6 3. d4 cxd4 4. Nxd4 Nf6 5. Nc3 a6 6. f4 e5 7. Nf3 Nc6 8. Bd3 Be7 9. O-O O-O 10. h3 exf4 11. Bxf4 Re8 12. a3 Be6 13. Ng5 Bd7 14.
Qd2 h6 15. Nf3 Bf8 16. Rae1 Ne5 17. Kh1 Bc6 18. Nd4 Rc8 19. Nf5 Ng6 20. Bh2 d5 21. e5 Ne4 22. Bxe4 dxe4 23. Qxd8 Rcxd8 24. Nxe4 Bxe4 25. Rxe4 Rd2 26. Rc4 b5 27. Rc7 Nxe5 28. b4 Nc4 29. Rxf7 Ree2 30. Nxh6+ gxh6 31. Rxf8+ Kg7 32. R1f7+ Kg6 33. Bf4 Rxc2 34. Rf6+ Kh5 35. Rxh6# 1-0

[Event "Early-Titled-Tuesday-Blitz-September-05-2023"]
[Site "Chess.com"]
[Date "2023.09.05"]
[Round "3"]
[White "masterofpuppets2"]
[Black "CheckThis4"]
[Result "0-1"]
[WhiteElo "2470"]
[BlackElo "2664"]
[TimeControl "180+1"]
[EndTime "8:26:27 PDT"]
[Termination "CheckThis4 won by resignation"]

1. d4 Nf6 2. c4 e5 3. dxe5 Ng4 4. Bf4 Bb4+ 5. Nd2 d6 6. Nf3 dxe5 7. Nxe5 Bxd2+ 8.
Qxd2 Qxd2+ 9. Kxd2 Nxf2 10. Rg1 Ne4+ 11. Ke3 Nc5 12. Kf3 Nbd7 13. Nd3 Ne6 14. Be3 b6 15. g4 Bb7+ 16. Kf2 Nf6 17. g5 Ne4+ 18. Ke1 O-O-O 19. h4 Rhe8 20. Rd1 Nd4 21. Bh3+ Kb8 22. Bxd4 Rxd4 23. Bf5 g6 24. Bg4 Rxc4 25. Rc1 Rd4 26. Bf3 Nc5 27. Nxc5 Bxf3 28. Nb3 Rxe2+ 29. Kf1 Rf4 30.
Rc3 Bg4+ 0-1

[Event "Early-Titled-Tuesday-Blitz-September-05-2023"]
[Site "Chess.com"]
[Date "2023.09.05"]
[Round "3"]
[White "FGHSMN"]
[Black "ActorXu"]
[Result "1-0"]
[WhiteElo "2933"]
[BlackElo "2718"]
[TimeControl "180+1"]
[EndTime "8:26:29 PDT"]
[Termination "FGHSMN won by resignation"]

1. b3 b6 2. e4 Bb7 3. Nc3 e5 4.
Nf3 d6 5. Bc4 Be7 6. d4 exd4 7.
Nxd4 Nf6 8. O-O O-O 9. Nf5 Nbd7 10. Bg5 Ne5 11. Be2 h6 12. Bh4 Ng6 13. Nxe7+ Qxe7 14. Bxf6 Qxf6 15. Qd2 Nf4 16. Bf3 Rfe8 17. Kh1 Rad8 18. g3 Ng6 19. Bg2 h5 20. f4 h4 21. Rae1 a6 22. g4 h3 23. Bxh3 Qh4 24. Re3 d5 25. exd5 Rxe3 26. Qxe3 Ne7 27. Bg2 Nxd5 28. Nxd5 Bxd5 29.
Bxd5 Rxd5 30. Qe8+ Kh7 31. Qe4+ 1-0

[Event "Early-Titled-Tuesday-Blitz-September-05-2023"]
[Site "Chess.com"]
[Date "2023.09.05"]
[Round "3"]
[White "Arteler"]
[Black "VitaliyBernadskiy"]
[Result "0-1"]
[WhiteElo "2395"]
[BlackElo "2828"]
[TimeControl "180+1"]
[EndTime "8:26:30 PDT"]
[Termination "VitaliyBernadskiy won by resignation"]

1. e4 c5 2. Nf3 e6 3. c3 Nf6 4. e5 Nd5 5. d4 cxd4 6. cxd4 d6 7. Bc4 Be7 8. O-O O-O 9. Qe2 b6 10. Nc3 Nxc3 11. bxc3 Bb7 12. Rd1 dxe5 13. Nxe5 Nc6 14. Bf4 Nxe5 15. Bxe5 Rc8 16. Ba6 Qd7 17. Bxb7 Qxb7 18.
Qg4 g6 19. Rd3 f5 20. Qe2 Qd5 21.
a4 Rc6 22. Re1 Rfc8 23. Bf4 Rxc3 24. Rxc3 Rxc3 25. Qxe6+ Qxe6 26. Rxe6 Kf7 27. d5 g5 28. Bd2 Rd3 29. Be1 Rxd5 30. Rc6 Rd1 0-1

[Event "Early-Titled-Tuesday-Blitz-September-05-2023"]
[Site "Chess.com"]
[Date "2023.09.05"]
[Round "3"]
[White "isla88"]
[Black "benny_aizenberg"]
[Result "1-0"]
[WhiteElo "2492"]
[BlackElo "2658"]
[TimeControl "180+1"]
[EndTime "8:26:30 PDT"]
[Termination "isla88 won on time"]

1. d4 Nf6 2. Nf3 c5 3. d5 b5 4. c4 bxc4 5. Nc3 g6 6. e4 Bg7 7. e5 Ng4 8. d6 Nxe5 9. dxe7 Qxe7 10. Be3 Bb7 11. Nd5 Nxf3+ 12. Qxf3 Bxd5 13. Qxd5 Nc6 14. Bxc4 Bxb2 15. O-O Bxa1 16. Bxc5 Qe6 17. Qd3 Ne5 18.
Qe4 Qc6 19. Qe3 O-O-O 20. Be2 d6 21. Bxa7 Bc3 22. Rc1 Kb7 23. Rxc3 Qd5 24. Qb6+ Ka8 25. Bb8 1-0

[Event "Early-Titled-Tuesday-Blitz-September-05-2023"]
[Site "Chess.com"]
[Date "2023.09.05"]
[Round "3"]
[White "Kaua18"]
[Black "Vladimir_Zakhartsov"]
[Result "0-1"]
[WhiteElo "2504"]
[BlackElo "2882"]
[TimeControl "180+1"]
[EndTime "8:26:31 PDT"]
[Termination "Vladimir_Zakhartsov won by checkmate"]

1. e4 c6 2. d4 Na6 3. Nf3 Nc7 4. Nc3 g6 5. Be3 Bg7 6. Qd2 d5 7. O-O-O b5 8. e5 h5 9. Kb1 Nh6 10. Bd3 a5 11. Ne2 Nf5 12. Ng5 b4 13. Bf4 Ne6 14. Nxe6 Bxe6 15. h3 Qb6 16. c3 c5 17. dxc5 Qxc5 18.
g4 Nh4 19. Bg3 Nf3 20. Qe3 Qxe3 21. Bb5+ Kf8 22. fxe3 Bxe5 23. gxh5 Rxh5 24. Bxe5 Rxe5 25. Nf4 bxc3 26. bxc3 Rb8 27. a4 Bd7 28. c4 Bf5+ 29. Ka2 dxc4 30. Nd5 c3 31. Nxc3 Rxe3 32. Kb2 Ne5 33. Nd5 Nc4+ 34. Ka2 Ra3# 0-1

[Event "Early-Titled-Tuesday-Blitz-September-05-2023"]
[Site "Chess.com"]
[Date "2023.09.05"]
[Round "3"]
[White "Barbus89"]
[Black "wild3000"]
[Result "1-0"]
[WhiteElo "2552"]
[BlackElo "2293"]
[TimeControl "180+1"]
[EndTime "8:26:33 PDT"]
[Termination "Barbus89 won by resignation"]

1. Nf3 d5 2. g3 Nf6 3. Bg2 g6 4. O-O Bg7 5. d4 O-O 6. c4 c6 7. cxd5 Nxd5 8. Nc3 Bg4 9. h3 Bxf3 10. Bxf3 Nxc3 11.
bxc3 Nd7 12. e4 e5 13. Be3 exd4 14. cxd4 Nb6 15. Rc1 Re8 16. a4 Qe7 17. a5 Nd7 18. a6 Nb6 19. axb7 Qxb7 20. Qb3 Rac8 21. Rc2 h5 22. h4 Qd7 23. Rfc1 Bxd4 24. Bxd4 Qxd4 25. Rxc6 Rxc6 26. Rxc6 Re7 27. Rxg6+ Kf8 28. Rg5 Qa4 29. Qc3 Re6 30. Rxh5 Nc4 31. Rc5 Nd6 32. Qh8+ Ke7 33. Rc7+ 1-0

[Event "Early-Titled-Tuesday-Blitz-September-05-2023"]
[Site "Chess.com"]
[Date "2023.09.05"]
[Round "3"]
[White "vugarrasulov"]
[Black "AradNazari"]
[Result "1-0"]
[WhiteElo "2910"]
[BlackElo "2705"]
[TimeControl "180+1"]
[EndTime "8:26:34 PDT"]
[Termination "vugarrasulov won by resignation"]

1. e4 c5 2. Nf3 d6 3. d4 cxd4 4. Nxd4 Nf6 5. Nc3 a6 6. g3 g6 7. Bg2 Bg7 8. O-O O-O 9. b3 Nc6 10. Bb2 Nxd4 11. Qxd4 Be6 12. Rad1 Qa5 13. Qd2 Rfd8 14.
Rfe1 Nd7 15. Nd5 Qxd2 16. Nxe7+ Kf8 17. Bxg7+ Kxe7 18. Rxd2 f6 19. Bh6 g5 20. f4 Rg8 21.
e5 dxe5 22. fxg5 fxg5 23. Bxb7 Rad8 24. Be4 Nf6 25. Rxd8 Kxd8 26. Bd3 Kd7 27. Rxe5 Ng4 28. Rxe6 Kxe6 29. Bc4+ 1-0

[Event "Early-Titled-Tuesday-Blitz-September-05-2023"]
[Site "Chess.com"]
[Date "2023.09.05"]
[Round "3"]
[White "infinitegiantkiller"]
[Black "m_ezat"]
[Result "0-1"]
[WhiteElo "2486"]
[BlackElo "2719"]
[TimeControl "180+1"]
[EndTime "8:26:34 PDT"]
[Termination "m_ezat won by checkmate"]

1. Nf3 Nf6 2. g3 g6 3. Bg2 Bg7 4. O-O O-O 5. b3 d6 6. Bb2 e5 7. d3 Re8 8. Nbd2 Nc6 9. c4 Bg4 10. h3 Bf5 11. a3 a5 12. Rc1 h6 13. Ne1 Qc8 14. Kh2 h5 15. Nc2 Nh7 16. Ne3 Be6 17.
Nd5 Ng5 18. h4 Nh7 19. e4 Nf6 20. f3 Nd7 21. Nb1 Nc5 22. Nbc3 Nd4 23. b4 axb4 24. axb4 Na6 25. b5 Nc5 26. Ne2 Nxe2 27. Qxe2 Ra2 28. Ra1 Rxa1 29. Rxa1 c6 30. Nc3 Nb3 31. Ra3 Nd4 32.
Qd1 Bh6 33. bxc6 bxc6 34. Ne2 Qb7 35. Bxd4 exd4 36. Nxd4 Qb2 37. Qa1 Qxa1 38. Rxa1 Bg7 39. Nxe6 Bxa1 40. Nf4 Be5 41. Ne2 Rb8 42. d4 Bg7 43. e5 dxe5 44. dxe5 Bxe5 45. f4 Bf6 46. Bxc6 Rb2 47. Bf3 Rc2 48. Kg2 Rxc4 49. Ng1 Rb4 50.
Bd5 Rb2+ 51. Kf3 Bd4 52. Ne2 Bb6 53. Nc3 Kg7 54. Ne4 f5 55. Ng5 Rf2# 0-1

[Event "Early-Titled-Tuesday-Blitz-September-05-2023"]
[Site "Chess.com"]
[Date "2023.09.05"]
[Round "3"]
[White "JaloliddinIlkhomi"]
[Black "venturov"]
[Result "0-1"]
[WhiteElo "2569"]
[BlackElo "2400"]
[TimeControl "180+1"]
[EndTime "8:26:34 PDT"]
[Termination "venturov won by resignation"]

1. Nf3 g6 2. d4 Bg7 3. c3 Nf6 4. Bg5 O-O 5. Nbd2 d5 6. e3 c5 7. Bd3 cxd4 8. exd4 Nc6 9. O-O Bf5 10. Bxf5 gxf5 11.
Bxf6 Bxf6 12. Re1 e6 13. Ne5 Nxe5 14. dxe5 Be7 15. Nf3 Kh8 16. Nd4 Rg8 17. Qh5 Rg6 18. f4 Bc5 19. Re3 Bxd4 20. cxd4 Qb6 21. Rd1 Rc8 22.
Rh3 h6 23. Rg3 Kh7 24. Qh4 Rcg8 25. Qe7 Rxg3 26. hxg3 Rg7 27. b3 Qa6 28. Rd2 Qa5 29. Re2 Qc3 30. Qh4 Qxd4+ 31. Kh2 Qd3 32. Re1 Rg4 33. Qh3 d4 34. Rf1 Qxf1 35. Qh5 Rg7 36. g4 Qxf4+ 0-1

[Event "Early-Titled-Tuesday-Blitz-September-05-2023"]
[Site "Chess.com"]
[Date "2023.09.05"]
[Round "3"]
[White "DrDreBeats"]
[Black "ferrufino64"]
[Result "1-0"]
[WhiteElo "2539"]
[BlackElo "2143"]
[TimeControl "180+1"]
[EndTime "8:26:37 PDT"]
[Termination "DrDreBeats won by resignation"]

1. e4 c5 2. Nf3 d6 3. d4 cxd4 4.
Nxd4 Nf6 5. Nc3 g6 6. g3 Bg7 7. Bg2 O-O 8. O-O Nc6 9. Nde2 Bd7 10. h3 Rc8 11. Be3 b6 12. Rc1 Ne5 13. b3 Bc6 14. Nd5 Bb7 15. c4 Re8 16. Qd2 Nc6 17. Rfd1 Nd7 18.
Nd4 Nxd4 19. Bxd4 Bxd4 20. Qxd4 Bxd5 21. exd5 Qc7 22. Re1 Qc5 23. Qh4 Ne5 24. Re4 f6 25.
Qh6 Nf7 26. Qd2 a5 27. Rce1 Rc7 28. Kh2 Ne5 29. f4 Nf7 30. h4 Qb4 31. Qb2 a4 32. R1e3 a3 33. Qe2 Kf8 34. c5 Qa5 35. Ra4 Qxc5 36.
Rc4 Qb5 37. Rxc7 Qxe2 38. Rxe2 1-0

[Event "Early-Titled-Tuesday-Blitz-September-05-2023"]
[Site "Chess.com"]
[Date "2023.09.05"]
[Round "3"]
[White "Aanna12"]
[Black "BatboldNyamsuren0919"]
[Result "0-1"]
[WhiteElo "2026"]
[BlackElo "2413"]
[TimeControl "180+1"]
[EndTime "8:26:37 PDT"]
[Termination "BatboldNyamsuren0919 won by resignation"]

1. e4 c5 2. Nc3 Nc6 3. Bb5 g6 4. Bxc6 bxc6 5. f4 Bg7 6. Nf3 d6 7. d3 Bg4 8. h3 Bxf3 9. Qxf3 Nf6 10. O-O O-O 11. Bd2 c4 12. dxc4 Qb6+ 13. c5 Qxc5+ 14. Be3 Qb4 15. Rab1 a5 16. a3 Qb7 17. e5 dxe5 18.
fxe5 Nd5 19. Nxd5 cxd5 20. Bd4 e6 21. b4 Qc7 22. Qe2 axb4 23. axb4 Ra2 24. Rf2 Rc8 25. Rb2 Rxb2 26. Bxb2 Qc4 27. Qe1 Rb8 28. c3 Ra8 29. Bc1 Ra1 30. Qe3 Bxe5 31. Qxe5 Rxc1+ 32. Kh2 Qxc3 33. Qb8+ Kg7 34. b5 Qc7+ 35. Qxc7 Rxc7 36. Rb2 Rb7 37. Kg3 e5 38. Kf3 Kf6 39. Ke3 Ke6 40. Kd3 Kd6 41. Rf2 f5 42. Rb2 Kc5 0-1

[Event "Early-Titled-Tuesday-Blitz-September-05-2023"]
[Site "Chess.com"]
[Date "2023.09.05"]
[Round "3"]
[White "PetrolulSah"]
[Black "ChessWarrior3"]
[Result "0-1"]
[WhiteElo "2123"]
[BlackElo "2417"]
[TimeControl "180+1"]
[EndTime "8:26:38 PDT"]
[Termination "ChessWarrior3 won by checkmate"]

1. d4 d5 2. c4 dxc4 3. e4 e5 4. Nf3 exd4 5. Qxd4 Qxd4 6. Nxd4 Nf6 7. e5 Ng4 8. Bf4 Bc5 9. Nb5 Bxf2+ 10. Ke2 Bb6 11. h3 Nh6 12. Bxh6 gxh6 13. Nd2 Be6 14. Na3 Nc6 15.
Naxc4 Bd4 16. Kd3 Rd8 17. Kc2 Bf5+ 18. Kb3 b5 19. Na3 a6 20. Rc1 Na5+ 21. Kb4 Bxb2 22. Rd1 Nc6+ 23. Kc5 Bxa3+ 24. Kxc6 Be4+ 25. Kxc7 Rd7+ 26. Kb6 O-O 27. Bxb5 Rb8+ 28. Kxa6 Ra8+ 29. Kb6 Rb7# 0-1

[Event "Early-Titled-Tuesday-Blitz-September-05-2023"]
[Site "Chess.com"]
[Date "2023.09.05"]
[Round "3"]
[White "whiteglovethief"]
[Black "GOGIEFF"]
[Result "0-1"]
[WhiteElo "2514"]
[BlackElo "2997"]
[TimeControl "180+1"]
[EndTime "8:26:42 PDT"]
[Termination "GOGIEFF won by resignation"]

1. d4 Nf6 2. c4 e6 3. Nf3 d5 4.
g3 dxc4 5. Bg2 Bb4+ 6. Bd2 a5 7. O-O b5 8. a4 c6 9. Na3 O-O 10. axb5 Bxa3 11. bxa3 cxb5 12. Ne5 Ra7 13. a4 Qxd4 14. Be3 Qxe5 15. Bxa7 b4 16. Be3 Qc7 17. Qd4 Nbd7 18.
Rfd1 c3 19. Rac1 Ba6 20. Kf1 h6 21. Bf3 Rc8 22. Qd6 Bc4 23. Bf4 Qxd6 24. Rxd6 Nc5 25. Rc6 Rxc6 26. Bxc6 Nd5 27. Bd6 Ne4 28. Bxd5 exd5 29.
Bc7 b3 30. Be5 b2 31. Re1 Nd2+ 32.
Kg1 b1=Q 0-1

[Event "Early-Titled-Tuesday-Blitz-September-05-2023"]
[Site "Chess.com"]
[Date "2023.09.05"]
[Round "3"]
[White "LionTheLeon_06"]
[Black "Vaibhavraut99"]
[Result "1-0"]
[WhiteElo "2808"]
[BlackElo "2569"]
[TimeControl "180+1"]
[EndTime "8:26:43 PDT"]
[Termination "LionTheLeon_06 won by resignation"]

1. e4 e5 2. Nf3 Nc6 3. Bc4 Nf6 4. d3 Bc5 5. h3 h6 6. Nbd2 d6 7.
Nf1 Na5 8. Bb5+ c6 9. Ba4 b5 10. Bb3 Nxb3 11. axb3 O-O 12. Be3 Bxe3 13. Nxe3 Re8 14.
O-O d5 15. exd5 cxd5 16. d4 e4 17. Ne5 Be6 18. Qd2 Nd7 19. Nxd7 Qxd7 20. Ra5 f5 21. f4 exf3 22. Rxf3 g6 23. c3 Bf7 24. Nc2 Kh7 25. Nb4 Re4 26. Nd3 Rae8 27. Ne5 R8xe5 28. dxe5 d4 29.
Rd3 dxc3 30. Rxd7 cxd2 31. Rxd2 Rxe5 32. Rxa7 Kg8 33. Rd8+ Be8 34. b4 Kf8 35. Rh7 h5 36. h4 Re4 37. g3 Kg8 38. Rb7 Kf8 39. Rxb5 Ke7 40. Rbb8 Re2 41. Rxe8+ 1-0

[Event "Early-Titled-Tuesday-Blitz-September-05-2023"]
[Site "Chess.com"]
[Date "2023.09.05"]
[Round "3"]
[White "AquivaRubinstein"]
[Black "Hamisandwich"]
[Result "0-1"]
[WhiteElo "2467"]
[BlackElo "2658"]
[TimeControl "180+1"]
[EndTime "8:26:44 PDT"]
[Termination "Hamisandwich won on time"]

1. d4 e6 2. c4 b6 3. a3 Nf6 4.
Nc3 Bb7 5. Qc2 d5 6. cxd5 Nxd5 7. e4 Nxc3 8. bxc3 Be7 9. Bd3 c5 10. Nf3 cxd4 11. cxd4 O-O 12. O-O Nc6 13. Bb2 Rc8 14. Qe2 Bf6 15. e5 Be7 16. Be4 Na5 17. Bxb7 Nxb7 18. Qe4 Qd7 19. a4 Na5 20. Ba3 Rfd8 21. Bxe7 Qxe7 22. h4 h6 23. Rac1 Qb4 24. Qe2 Qxa4 25.
Qa6 Qd7 26. h5 Qb7 27. Qe2 b5 28. Rb1 Nc4 29. g4 a5 30. g5 hxg5 31. Nxg5 Rxd4 32. f3 Rh4 33. Kg2 Rg4+ 34. Kh3 Rxg5 35. Rg1 Rxh5+ 36.
Kg4 Rxe5 37. Qd3 Qd5 38. Qc2 Ne3+ 0-1

[Event "Early-Titled-Tuesday-Blitz-September-05-2023"]
[Site "Chess.com"]
[Date "2023.09.05"]
[Round "3"]
[White "Jospem"]
[Black "TanitoluwaAps116"]
[Result "1-0"]
[WhiteElo "3053"]
[BlackElo "2793"]
[TimeControl "180+1"]
[EndTime "8:26:47 PDT"]
[Termination "Jospem won on time"]

1. e4 c5 2. Nf3 Nc6 3. c3 Nf6 4. Bd3 d5 5. e5 Nd7 6. Bb5 e6 7.
Qe2 g5 8. h3 h5 9. d3 Rg8 10.
g4 h4 11. O-O Qc7 12. Re1 Bg7 13. d4 cxd4 14. cxd4 Bh6 15. Nc3 a6 16. Bd3 b5 17.
Be3 Bb7 18. Rac1 Qb6 19. Qd2 Rc8 20. Ne2 Qd8 21. Rc2 f6 22. exf6 Qxf6 23. Kg2 Kd8 24. Neg1 e5 25. Bf5 e4 26. Nh2 Rc7 27. Rec1 Kc8 28.
Ne2 Kb8 29. a4 bxa4 30. Nc3 Qd6 31. Nxa4 Rgc8 32. Nf1 Bg7 33. Kg1 Ne7 34. Bxd7 Rxc2 35. Rxc2 Rxc2 36. Qxc2 Qxd7 37. Nc5 Qc7 38. b4 Nc6 39.
Qd2 Qb6 40. Ne6 1-0

[Event "Early-Titled-Tuesday-Blitz-September-05-2023"]
[Site "Chess.com"]
[Date "2023.09.05"]
[Round "3"]
[White "jcmesafischer"]
[Black "Virgo15"]
[Result "0-1"]
[WhiteElo "2480"]
[BlackElo "2693"]
[TimeControl "180+1"]
[EndTime "8:26:47 PDT"]
[Termination "Virgo15 won by resignation"]

1. Nf3 Nf6 2. g3 g6 3. Bg2 Bg7 4. O-O O-O 5. c4 d6 6. Nc3 e5 7.
d3 Nc6 8. Rb1 a5 9. a3 Bg4 10.
Ne1 Qd7 11. b4 axb4 12. axb4 Bh3 13. Nc2 Bxg2 14. Kxg2 Nd4 15. e4 Nh5 16. Nxd4 exd4 17.
Nd5 Kh8 18. f4 c6 19. Nb6 Ra2+ 20. Rb2 Rxb2+ 21. Bxb2 Qc7 22. c5 dxc5 23. bxc5 Qe7 24. Qb3 Rd8 25. Na4 Nf6 26. Rb1 Ng4 27. Bc1 h5 28. Qxb7 Qe6 29. Qb3 Qe7 30. Qc2 h4 31.
Rb6 Qe6 32. Qb3 Qf6 33. Rb7 Kg8 34. Nb6 Ne3+ 35. Bxe3 dxe3 36. e5 Qf5 37. d4 Rxd4 38. Qxe3 h3+ 39. Kf2 Qc2+ 40. Kf3 Rd3 41. Nd7 Qg2+ 42.
Kg4 Rxe3 43. Rc7 Qe2+ 0-1

[Event "Early-Titled-Tuesday-Blitz-September-05-2023"]
[Site "Chess.com"]
[Date "2023.09.05"]
[Round "3"]
[White "Shuvalov"]
[Black "IsuruAlahakoon"]
[Result "1-0"]
[WhiteElo "2489"]
[BlackElo "2264"]
[TimeControl "180+1"]
[EndTime "8:26:49 PDT"]
[Termination "Shuvalov won by resignation"]

1. d4 d5 2. c4 e6 3. Nc3 Nf6 4. Nf3 c6 5. e3 Bd6 6. Be2 Nbd7 7. O-O O-O 8. b3 b6 9. Bb2 Bb7 10. Bd3 Qe7 11. Re1 dxc4 12. bxc4 e5 13. Qc2 Rfe8 14.
Ne4 Nxe4 15. Bxe4 Nf6 16. Bf5 e4 17. Ne5 c5 18. a4 cxd4 19. exd4 Bb4 20. Re3 g6 21. Bh3 Rad8 22. Rd1 Nh5 23. g3 f5 24. Bg2 Bd6 25. a5 Bxe5 26. dxe5 Rxd1+ 27. Qxd1 Rd8 28. Qb3 Qd7 29. Re1 Qd3 30. Qxd3 Rxd3 31. axb6 axb6 32. Bc1 Kf7 33. Be3 Rb3 34. Bf1 Ng7 35. c5 Ke7 36.
cxb6 Ne6 37. Ra1 Nd8 38. Ra7 Ke6 39. Bc4+ 1-0

[Event "Early-Titled-Tuesday-Blitz-September-05-2023"]
[Site "Chess.com"]
[Date "2023.09.05"]
[Round "3"]
[White "BlueWizzard"]
[Black "Vanina1989"]
[Result "0-1"]
[WhiteElo "2895"]
[BlackElo "2724"]
[TimeControl "180+1"]
[EndTime "8:26:50 PDT"]
[Termination "Vanina1989 won by resignation"]

1. d4 d5 2. Nc3 Nf6 3. Nf3 Bf5 4. Nh4 Bg6 5. g3 e6 6. Bg2 Be7 7. O-O O-O 8. Nxg6 hxg6 9. e4 dxe4 10. Nxe4 Nxe4 11.
Bxe4 c6 12. h4 Nd7 13. c3 Nf6 14. Bf3 Qc7 15. Qe2 Rad8 16. Kg2 Rfe8 17. h5 gxh5 18. Bxh5 Nxh5 19. Qxh5 Qd7 20. f3 Qd5 21. Qh3 Qf5 22.
Qxf5 exf5 23. Bf4 g5 24. Bd2 c5 25. Be3 Bf6 26. Rae1 cxd4 27. cxd4 Kg7 28. b3 Kg6 29.
Bf2 Rxe1 30. Rxe1 Rd6 31. Rd1 Rc6 32. Rd2 Bd8 33. d5 Ra6 34. a4 Ba5 35. Rd3 Kf6 36. Bd4+ Ke7 37. Bc5+ Kd7 38. Kf2 Bb6 39. Bxb6 Rxb6 40.
Ke3 Kd6 41. Kd4 f4 42. gxf4 Rb4+ 43. Ke3 Rxf4 44. Rd1 Rb4 45. Rd3 f5 46. Kd2 a5 47.
Kc3 Rh4 48. Kd2 Rh3 49. Ke2 g4 50. Rd4 Rxf3 51. b4 b6 52. bxa5 bxa5 53. Rc4 Kxd5 54.
Rc7 Ra3 55. Rf7 Ke5 56. Re7+ Kf4 57. Ra7 Rxa4 0-1

[Event "Early-Titled-Tuesday-Blitz-September-05-2023"]
[Site "Chess.com"]
[Date "2023.09.05"]
[Round "3"]
[White "chess123456s"]
[Black "Samatsa"]
[Result "1-0"]
[WhiteElo "2668"]
[BlackElo "2473"]
[TimeControl "180+1"]
[EndTime "8:26:50 PDT"]
[Termination "chess123456s won by resignation"]

1. e4 c5 2. Nf3 Nc6 3. d4 cxd4 4. Nxd4 Nf6 5. Nc3 e5 6. Ndb5 d6 7. Bg5 a6 8. Na3 b5 9. Nd5 Be7 10. Bxf6 Bxf6 11. c3 O-O 12. Nc2 Rb8 13. h4 g6 14.
g3 Bg7 15. Bg2 Ne7 16. Nce3 Bb7 17. Nxe7+ Qxe7 18. O-O Rbc8 19. a4 bxa4 20. Rxa4 Bc6 21. Ra5 Qb7 22. Qc2 f5 23. Nd5 f4 24. Rfa1 fxg3 25.
fxg3 Qa7+ 26. Kh1 Rf2 27. Ne7+ Kh8 28. Nxc8 Qe3 29. Qc1 Qxg3 30. Qg5 Rxg2 31. Qd8+ 1-0

[Event "Early-Titled-Tuesday-Blitz-September-05-2023"]
[Site "Chess.com"]
[Date "2023.09.05"]
[Round "3"]
[White "Vuk2000"]
[Black "DanielDardha2005"]
[Result "0-1"]
[WhiteElo "2745"]
[BlackElo "2956"]
[TimeControl "180+1"]
[EndTime "8:26:51 PDT"]
[Termination "DanielDardha2005 won by resignation"]

1. d4 d5 2. Bf4 Nf6 3. e3 Bf5 4. Nf3 e6 5. Bd3 Bxd3 6. Qxd3 Bd6 7. Bg3 O-O 8. c4 dxc4 9. Qxc4 Bxg3 10. hxg3 Qd5 11.
Nbd2 Qxc4 12. Nxc4 Nbd7 13. Ke2 Rac8 14. Rac1 Ne4 15.
Rh4 f5 16. Nfd2 Ndf6 17. Ne5 c6 18. Nxe4 Nxe4 19. Rhh1 Rcd8 20. Rc4 c5 21. Nf3 b5 22. Rc2 c4 23. Nd2 Nxd2 24. Rxd2 Rd6 25. a4 bxa4 26. Ra1 Ra6 27. Rc2 Rb8 28. Kd2 Rb3 29.
Ra2 Rb4 30. Ra3 Rab6 31. Kc1 Kf7 32. Rac3 Rc6 33. Ra3 Ke7 34. Kd2 Kd6 35. Kc3 Rb3+ 36. Kd2 c3+ 37. Rxc3 Rcxc3 38. Rxa4 Rc6 39. Ra5 Rxb2+ 0-1

[Event "Early-Titled-Tuesday-Blitz-September-05-2023"]
[Site "Chess.com"]
[Date "2023.09.05"]
[Round "3"]
[White "Angry_Twin"]
[Black "econpower"]
[Result "1-0"]
[WhiteElo "2954"]
[BlackElo "2735"]
[TimeControl "180+1"]
[EndTime "8:26:52 PDT"]
[Termination "Angry_Twin won by resignation"]

1. e4 c5 2. Nf3 Nc6 3. Bb5 d6 4.
O-O Bd7 5. Re1 Nf6 6. h3 e5 7. c3 Be7 8. d4 Qc7 9. Nbd2 a6 10.
Bd3 b5 11. Nf1 cxd4 12. cxd4 exd4 13. Ng3 O-O 14. Bf4 Rfe8 15. Rc1 Qb7 16. a3 g6 17. Qd2 Bf8 18. Bb1 Qb6 19. Red1 Ne5 20. Qxd4 Nxf3+ 21. gxf3 Qxd4 22. Rxd4 Rac8 23. Rcd1 Bxh3 24. Bxd6 Nd7 25. Bxf8 Nxf8 26. Rd6 Re6 27. Kh2 Rxd6 28. Rxd6 Rc1 29. Ba2 Bc8 30. Bd5 Rc2 31. Kg2 Ne6 32. Nf1 Nf4+ 33.
Kg3 Ne2+ 34. Kg2 Nf4+ 35. Kg3 Ne2+ 36. Kh2 Kg7 37. b4 Nf4 38. Ne3 Nxd5 39. Nxc2 Nf4 40. Rc6 1-0